 Dungeon Crawl Stone Soup version 0.30.1-11-g7821555f0a (webtiles) character file.

Game seed: 11394567051543949145

13 stultus the Trooper (level 2, -1/19 HPs)
             Began as a Gargoyle Berserker on Nov 27, 2023.
             Was a Follower of Trog.
             Frozen to death by an endoplasm (2 damage)
             ... on level 1 of the Dungeon.
             The game lasted 00:01:40 (148 turns).

stultus the Trooper (Gargoyle Berserker)             Turns: 148, Time: 00:01:41

Health: -1/19      AC:  5    Str: 20    XL:     2   Next: 37%
Magic:  2/2        EV: 11    Int:  7    God:    Trog [*.....]
Gold:   0          SH:  0    Dex:  9    Spells: 1/1 levels left

rFire   . . .        a - +0 mace
rCold   . . .        (no shield)
rNeg    + . .        b - +0 animal skin
rPois   ∞            (no helmet)
rElec   +            (no cloak)
rCorr   .            (no gloves)
SInv    .            (no boots)
Will    .....        (no amulet)
Stlth   +            (no ring)
HPRegen 0.23/turn    (no ring)
MPRegen 0.08/turn

%: no passive effects
@: no status effects
A: sickness immunity, AC +2, negative energy resistance 1, electricity
resistance, torment resistance 1, petrification resistance
a: Renounce Religion, Berserk


You were on level 1 of the Dungeon.
You worshipped Trog.
Trog was aware of your devotion.
You visited 1 branch of the dungeon, and saw 1 of its levels.

Inventory:

Hand Weapons
 a - a +0 mace (weapon)
Armour
 b - a +0 animal skin (worn)


   Skills:
 + Level 3.6 Fighting
 + Level 3.3 Maces & Flails
 + Level 2.2 Armour
 + Level 1.6 Dodging


You had one spell level left.
You didn't know any spells.
Your spell library contained the following spells:

 Spells                   Type           Power      Damage    Failure   Level
 Necrotise                Necr           0%         1d4       43%         1
 Vampiric Draining        Necr           0%         2d6       80%         3
 Agony                    Necr           0%         N/A       100%        5


Dungeon Overview and Level Annotations

Branches:
Dungeon (1/15)

Altars:


Innate Abilities, Weirdness & Mutations

You are immune to sickness and miasma.
Your stone body is resilient. (AC +2)
You are immune to poison.
You resist negative energy. (rN+)
You are resistant to electric shocks. (rElec)
You are resistant to unholy torment.
You are immune to petrification.


Message History

The dart slug is severely wounded.
You sock the dart slug!
You kill the dart slug!
Trog accepts your kill.
An endoplasm, a bat and a kobold come into view.
The endoplasm quivers.
You completely miss the bat.
The kobold shouts!
The bat misses you. The bat barely misses you. The bat barely misses you.
The bat closely misses you.
You barely miss the bat. The bat closely misses you. x2
You hit the endoplasm but do no damage. The bat closely misses you.
The bat hits you but does no damage. The endoplasm freezes you.
You are frozen.
The endoplasm closely misses you. The bat barely misses you.
The endoplasm hits you.
You closely miss the bat. The bat misses you. The endoplasm freezes you.
You are frozen.
You miss the bat. The bat closely misses you. The bat barely misses you.
The endoplasm freezes you.
You are frozen.
You hit the bat.
You kill the bat!
Trog accepts your kill. The endoplasm hits you.
You hit the endoplasm.
The endoplasm is severely wounded.
The endoplasm freezes you.
You are frozen.
The endoplasm freezes you.
You are frozen.
* * * LOW HITPOINT WARNING * * *
You hit the endoplasm but do no damage.
The endoplasm is severely wounded.
The endoplasm freezes you.
You are frozen.
You die...

#.##..# #.#.#
......# ##. #.#
.##....##.. #†#
#..
......###.###...#
#...............
.###.............
........K###.#...
..#..###J###.# ##
#... #@..# # #..
#†....# ####..#
...# ..# ....
...# ....


You could see an endoplasm and a kobold.

Vanquished Creatures
  A dart slug (D:1)
  2 bats (D:1)
  An endoplasm (D:1)
  A giant cockroach (D:1)
  A hobgoblin (D:1)
  A quokka (D:1)
  3 frilled lizards (D:1)
  A rat (D:1)
11 creatures vanquished.

Notes
Turn   | Place    | Note
-------+----------+-------------------------------------------
     0 | D:1      | stultus the Gargoyle Berserker began the quest for the Orb.
     0 | D:1      | Reached XP level 1. HP: 14/14 MP: 1/1
   125 | D:1      | Reached XP level 2. HP: 16/19 MP: 2/2
   148 | D:1      | Frozen to death by an endoplasm

Illustrated notes

Levels and vault maps discovered:
D:1:      wander_arrival_chamber, layout_rooms

Action                     || total
---------------------------++-------
  Melee: Mace              ||    34
 Armour: Animal skin       ||     8
  Dodge: Dodged            ||    28
